Map: Winter Madness LE

Players

Jumy (ForJumy) - Winner!

  • Race: Protoss Protoss
  • League: Master
  • Spawn Location: 11:00

HolyHit

  • Race: Protoss Protoss
  • League: Grandmaster
  • Spawn Location: 5:00

VOD

Have the link to the VOD?

Description

Time

  • Played on: Jan. 30, 2026, 2:53 p.m.
  • Length: 7:45
Show
View Real Time Build Order
Export as new Build Order

Jumy Protoss - Winner!

Build Orders: Phoenix Opening 

Get SALT Encoding   

  12  0:00  Probe  
  13  0:12  Probe  
  14  0:17  Pylon  
  14  0:24  Probe  
  15  0:34  Probe  
  15  0:35  Gateway  
  15  0:42  Probe  
  16  0:47  Assimilator  
  17  0:53  Probe  
  18  1:00  Assimilator  
  18  1:04  Probe  
  18  1:10  Gateway  
  19  1:12  Probe  
  20  1:21  Probe  
  20  1:24  Cybernetics Core  
  21  1:31  Probe  
  21  1:35  Pylon  
  22  1:43  Probe  
  23  1:50  Warp Gate  
  23  1:55  Probe  
  23  2:00  Adept x2  
  28  2:07  Probe  
  29  2:15  Pylon  
  29  2:19  Probe  
  29  2:20  Pylon  
  30  2:30  Stalker x2  
  30  2:34  Probe  
  34  2:46  Probe  
  35  3:01  Nexus  
  35  3:04  Sentry  
  37  3:10  Sentry  
  37  3:11  Phoenix  
  39  3:18  Shield Battery  
  39  3:23  Probe  
  39  3:24  Pylon  
  36  3:31  Robotics Facility  
  34  3:39  Stalker  
  36  3:42  Probe  
  36  3:44  Stalker  
  39  3:59  Shield Battery  
  39  4:04  Sentry  
  39  4:09  Immortal  
  41  4:14  Shield Battery  
  41  4:22  Stalker  
  47  4:29  Gateway  
  47  4:30  Probe  
  47  4:39  Stalker  
  47  4:43  Shield Battery  
  49  4:45  Stalker  
  43  5:00  Immortal x2  
  43  5:05  Probe  
  43  5:06  Phoenix  
  44  5:16  Probe, Cybernetics Core  
  44  5:21  Zealot  
  47  5:33  Zealot x2  
  51  5:41  Immortal  
  51  5:43  Zealot  
  51  5:49  Probe  
  58  5:57  Zealot  
  58  6:00  Probe  
  58  6:01  Probe  
  62  6:10  Pylon  
  62  6:20  Immortal  
  62  6:36  Stalker  
  62  6:37  Stalker  
  62  6:38  Sentry, Probe  
  62  6:39  Probe  
  70  6:44  Pylon  
  70  6:57  Pylon  
  70  7:01  Probe  
  69  7:03  Immortal  
  69  7:05  Zealot x2  
  69  7:11  Stalker  
  63  7:16  Probe  
  63  7:22  Probe  
  63  7:27  Twilight Council  
  63  7:29  Stalker x2  
Show
View Real Time Build Order
Export as new Build Order

HolyHit Protoss 

Build Orders:  

Get SALT Encoding   

  12  0:00  Probe  
  13  0:12  Probe  
  14  0:17  Pylon  
  14  0:24  Probe  
  15  0:32  Probe  
  15  0:37  Gateway  
  15  0:40  Probe  
  16  0:46  Assimilator  
  17  0:51  Probe  
  17  0:55  Assimilator  
  18  1:03  Probe  
  19  1:09  Gateway  
  19  1:12  Probe  
  20  1:20  Probe  
  20  1:25  Cybernetics Core  
  21  1:29  Probe  
  22  1:36  Pylon  
  22  1:41  Probe  
  23  1:54  Probe  
  23  1:59  Stalker x2  
  24  2:02  Warp Gate  
  28  2:09  Pylon  
  28  2:29  Robotics Facility  
  28  2:33  Adept x2  
  32  2:50  Gateway  
  32  3:08  Immortal  
  30  3:20  Probe  
  28  3:32  Probe  
  29  3:40  Pylon  
  29  3:46  Warp Prism  
  31  3:50  Stalker  
  31  3:55  Sentry  
  35  3:57  Sentry  
  35  4:01  Probe  
  38  4:13  Immortal  
  42  4:39  Stalker x2  
  38  5:11  Immortal  
  38  5:12  Adept  
  38  5:13  Zealot x2  
  44  5:24  Pylon  
  44  5:36  Zealot  
  44  5:41  Pylon  
  44  5:42  Stalker  
  46  5:53  Immortal  
  40  6:12  Adept  
  42  6:38  Adept x3  
  48  7:05  Adept x2  
Tags
 
Add a new tag
Caveats
  • Supply blocks, unpowered buildings, or Contaminate may cause inaccurate times.
  • Supply counts are checked every 10 seconds.